 Dungeon Crawl Stone Soup version 0.31-a0-1009-g454b1f1e0a (webtiles) character file.

Game seed: 4700903259642371534

208 ChronoRanger the Digger (level 5, -1/28 HPs)
             Began as a Gargoyle Earth Elementalist on Nov 14, 2023.
             Was an Initiate of Vehumet.
             Slain by a gnoll sergeant
             ... wielding a +0 trident
              (12 damage)
             ... on level 6 of the Dungeon.
             The game lasted 00:07:07 (2525 turns).

ChronoRanger the Digger (GrEE)                      Turns: 2525, Time: 00:07:08

Health: -1/28      AC:  8    Str: 12    XL:     5   Next: 86%
Magic:  5/9        EV: 11    Int: 17    God:    Vehumet [......]
Gold:   124        SH:  0    Dex: 10    Spells: 2/10 levels left

rFire   . . .        c - +0 dagger
rCold   . . .        (no shield)
rNeg    + . .        a - +0 robe
rPois   ∞            (no helmet)
rElec   +            h - scarf {+Inv}
rCorr   .            (no gloves)
SInv    .            k - +1 pair of boots
Will    .....        (no amulet)
Stlth   ++           (no ring)
HPRegen 0.24/turn    (no ring)
MPRegen 0.11/turn

%: no passive effects
@: about to teleport
A: sickness immunity, AC +4, negative energy resistance 1, electricity
resistance, torment resistance 1, petrification resistance
a: Renounce Religion, Evoke Invisibility


You were on level 6 of the Dungeon.
You worshipped Vehumet.
Vehumet was noncommittal.
You visited 2 branches of the dungeon, and saw 6 of its levels.

You collected 124 gold pieces.

Inventory:

Hand Weapons
 c - a +0 dagger (weapon)
Armour
 a - a +0 robe (worn)
 e - a +0 leather armour
 h - a scarf of invisibility (worn)
 k - a +1 pair of boots (worn)
Scrolls
 d - 2 scrolls of poison
 f - a scroll of teleportation
 g - a scroll of acquirement {unknown}
 i - a scroll of blinking {unknown}
 j - a scroll of revelation {unknown}
 p - a scroll of enchant armour {unknown}
Potions
 b - a potion of magic
 l - a potion of invisibility
 m - 2 potions of curing {unknown}
 n - a potion of heal wounds {unknown}
 o - a potion of enlightenment
 q - 2 potions of lignification


   Skills:
 - Level 1.5 Dodging
 - Level 2.1 Stealth
 + Level 3.3 Spellcasting
 + Level 1.8 Conjurations
 - Level 0.7 Transmutations
 * Level 6.3 Earth Magic


You had 2 spell levels left.
You knew the following spells:

 Your Spells              Type           Power      Damage    Failure   Level
a - Sandblast             Erth           48%        2d12      1%          1
b - Stone Arrow           Conj/Erth      32%        3d9       10%         3
c - Brom's Barrelling Bo  Conj/Erth      16%        2d4       32%         4

Your spell library contained the following spells:

 Spells                   Type           Power      Damage    Failure   Level
 Passwall                 Tmut/Erth      11%        N/A       6%          2
 Poisonous Vapours        Pois/Air       4%         N/A       26%         2
 Mephitic Cloud           Conj/Pois/Air  4%         N/A       36%         3
 Petrify                  Tmut/Erth      14%        N/A       36%         4
 Freezing Cloud           Conj/Ice/Air   2%         6-21      98%         5


Dungeon Overview and Level Annotations

Branches:
Dungeon (6/15)             Temple (1/1) D:6

Altars:
Ashenzari
Cheibriados
Dithmenos
Elyvilon
Fedhas
Gozag
Hepliaklqana
Kikubaaqudgha
Makhleb
Nemelex Xobeh
Okawaru
Qazlal
Ru
Sif Muna
Trog
Uskayaw
Vehumet
Wu Jian
Xom
Yredelemnul
Zin
The Shining One

Annotations:
D:3 Grinder
D:5 Pikel


Innate Abilities, Weirdness & Mutations

You are immune to sickness and miasma.
Your stone body is resilient. (AC +4)
You are immune to poison.
You resist negative energy. (rN+)
You are resistant to electric shocks. (rElec)
You are resistant to unholy torment.
You are immune to petrification.


Message History

Confirm with . or Enter, or press ? or * to list all spells.
Aiming: Sandblast (safe; 1% risk of failure)
Press: ? - help, Shift-Dir - straight line, f/p - gnoll sergeant
Aim: a gnoll sergeant, wielding a +0 trident and wearing a +0 scale mail (87% to hit)
The blast of sand hits the gnoll sergeant.
The gnoll sergeant is moderately wounded.
A gnoll comes into view. It is wielding a +0 flail.
The gnoll sergeant barely misses you.
Casting: Sandblast (safe; 1% risk of failure)
Confirm with . or Enter, or press ? or * to list all spells.
Aiming: Sandblast (safe; 1% risk of failure)
Press: ? - help, Shift-Dir - straight line, f/p - gnoll sergeant
Aim: a gnoll sergeant, wielding a +0 trident and wearing a +0 scale mail (moderately wounded, 87% to hit)
The blast of sand hits the gnoll sergeant but does no damage.
The gnoll sergeant is moderately wounded.
The gnoll sergeant hits you from afar with a +0 trident!
A gnoll comes into view. It is wielding a +0 whip.
Casting: Sandblast (safe; 1% risk of failure)
Confirm with . or Enter, or press ? or * to list all spells.
Aiming: Sandblast (safe; 1% risk of failure)
Press: ? - help, Shift-Dir - straight line, f/p - gnoll sergeant
Aim: a gnoll sergeant, wielding a +0 trident and wearing a +0 scale mail (moderately wounded, 87% to hit)
The blast of sand hits the gnoll sergeant but does no damage.
The gnoll sergeant is moderately wounded.
The gnoll sergeant closely misses you.
The gnoll sergeant hits you from afar with a +0 trident.
* * * LOW HITPOINT WARNING * * *
Casting: Sandblast (safe; 1% risk of failure)
Confirm with . or Enter, or press ? or * to list all spells.
Aiming: Sandblast (safe; 1% risk of failure)
Press: ? - help, Shift-Dir - straight line, f/p - gnoll sergeant
Aim: a gnoll sergeant, wielding a +0 trident and wearing a +0 scale mail (moderately wounded, 87% to hit)
The blast of sand hits the gnoll sergeant but does no damage.
The gnoll sergeant is moderately wounded.
The gnoll sergeant hits you from afar with a +0 trident.
* * * LOW HITPOINT WARNING * * *
As you read the scroll of teleportation, it crumbles to dust.
You feel strangely unstable. The gnoll sergeant closely misses you.
The gnoll sergeant hits you from afar with a +0 trident!
You die...

#.#
##.###
#....#
#.g..#
#gg..#
#g# #g#
###.#
#..@#
#...#
#...#
#...#
#########
#...#
#.......#
#...#
#.......#
###.#
#.......#
#.#
#.......#
#.#
#.......#


You could see a gnoll sergeant and 4 gnolls.

Vanquished Creatures
  An ice beast (D:6)
  5 adders
  5 dart slugs
  5 ball pythons
  6 endoplasms
  2 giant cockroaches
  2 goblins (D:1)
  4 hobgoblins
  3 jackals (D:1)
  A quokka (D:3)
  8 bats
  5 kobolds
  4 rats
51 creatures vanquished.

Notes
Turn   | Place    | Note
-------+----------+-------------------------------------------
     0 | D:1      | ChronoRanger the Gargoyle Earth Elementalist began the
                  | quest for the Orb.
     0 | D:1      | Reached XP level 1. HP: 10/10 MP: 3/3
   174 | D:1      | Reached skill level 4 in Earth Magic
   176 | D:1      | Reached XP level 2. HP: 15/15 MP: 1/5
   622 | D:1      | Reached XP level 3. HP: 19/19 MP: 4/6
  1071 | D:2      | Learned a level 3 spell: Stone Arrow
  1222 | D:2      | Reached skill level 5 in Earth Magic
  1408 | D:2      | Reached XP level 4. HP: 24/24 MP: 6/8
  1437 | D:2      | Learned a level 4 spell: Brom's Barrelling Boulder
  1707 | D:3      | Noticed Grinder
  2050 | D:3      | Found a broken altar of Ashenzari.
  2050 | D:3      | Found a burning altar of Makhleb.
  2215 | D:3      | You fall into a shaft and drop 3 floors!
  2253 | D:5      | Entered Level 5 of the Dungeon
  2253 | D:5      | Noticed Pikel
  2253 | D:5      | Noticed a lemure
  2253 | D:5      | Noticed a lemure
  2254 | D:5      | Noticed a lemure
  2255 | D:5      | Noticed a lemure
  2328 | D:6      | Found a staircase to the Ecumenical Temple.
  2334 | Temple   | Entered the Ecumenical Temple
  2357 | Temple   | Became a worshipper of Vehumet
  2433 | D:6      | Noticed an ice beast
  2449 | D:6      | Killed an ice beast
  2450 | D:6      | Reached skill level 1 in Conjurations
  2450 | D:6      | Reached skill level 6 in Earth Magic
  2450 | D:6      | Reached XP level 5. HP: 28/28 MP: 3/9
  2525 | D:6      | Slain by a gnoll sergeant

Illustrated notes

Levels and vault maps discovered:
D:1:      lightli_arrival_maybe_door_vault, layout_loops_ring
D:2:      layout_rooms
D:3:      wad_crossroads, layout_basic, gammafunk_temple_overflow_statue,
          uniq_grinder
D:5:      layout_basic, uniq_pikel
D:6:      layout_basic, minmay_temple_entry_enclosed_plants, uniq_menkaure,
          uniq_blork_the_orc
Temple:   nicolae_temple_bog_church

Skill      XL: |  1  2  3  4 |
---------------+-------------+-----
Earth Magic    | 4 5 6 |  6.3
Spellcasting   | 3 |  3.3
Conjurations   | 1 |  1.8
Dodging        | |  1.5
Stealth        | |  2.1
Transmutations | |  0.7

Action                     |  1- 3 |  4- 6 || total
---------------------------+-------+-------++-------
  Melee: Dagger            |     2 |       ||     2
   Cast: Sandblast         |    52 |    37 ||    89
    Use: Scroll            |     3 |     3 ||     6
 Armour: Robe              |     5 |    15 ||    20
  Dodge: Dodged            |     6 |    13 ||    19

Table legend: (Time is in decaauts)
 A = Elapsed time spent in this place.
 B = Non-inter-level travel time spent in this place.
 C = Inter-level travel time spent in this place.
 D = Time resting spent in this place.
 E = Time spent auto-exploring this place.
 F = Levels seen in this place.
 G = Mean time per level.
                   A        B        C        D        E       F      G
               +--------+--------+--------+--------+--------+-----+--------+
         Total |   2569 |   2412 |    157 |     20 |   1944 |   6 |  428.2 |
       Dungeon |   2531 |   2387 |    144 |     20 |   1944 |   5 |  506.2 |
        Temple |     37 |     24 |     13 |      0 |      0 |   1 |   37.0 |
               +--------+--------+--------+--------+--------+-----+--------+

Top non-repeatable levels by time:
     D:1: 1043 daAuts
     D:2: 693 daAuts
     D:3: 516 daAuts
     D:6: 271 daAuts
  Temple: 37 daAuts
     D:5: 7 daAuts
